Map: Orbital Shipyard

Players

ILLBdA - Winner!

  • Race: Protoss Protoss
  • League: Diamond

kang

  • Race: Terran Terran
  • League: Diamond

VOD

Have the link to the VOD?

Description

Time

  • Played on: Dec. 19, 2015, 10:29 a.m.
  • Length: 15:07
Show
View Real Time Build Order
Export as new Build Order

ILLBdA Protoss - Winner!

Build Orders: 1 Gate Expand 

Get SALT Encoding   

  12  0:01  Probe (Chrono Boost)  
  13  0:11  Probe (Chrono Boost)  
  14  0:22  Pylon  
  14  0:25  Probe (Chrono Boost)  
  15  0:40  Probe (Chrono Boost)  
  15  0:42  Gateway  
  16  0:43  Assimilator  
  16  0:50  Probe (Chrono Boost)  
  17  1:01  Probe (Chrono Boost)  
  18  1:11  Probe (Chrono Boost)  
  19  1:19  Nexus  
  19  1:22  Probe (Chrono Boost)  
  20  1:35  Probe (Chrono Boost)  
  20  1:36  Cybernetics Core  
  21  1:46  Probe (Chrono Boost)  
  22  1:47  Assimilator  
  22  1:50  Pylon  
  22  1:56  Probe (Chrono Boost)  
  23  2:10  Probe (Chrono Boost)  
  23  2:12  Warp Gate  
  23  2:14  Stalker (Chrono Boost)  
  26  2:22  Probe (Chrono Boost)  
  27  2:34  Probe (Chrono Boost)  
  27  2:45  Mothership Core (Chrono Boost)  
  27  2:48  Probe (Chrono Boost)  
  30  2:59  Probe (Chrono Boost)  
  30  3:03  Probe (Chrono Boost)  
  32  3:05  Robotics Facility  
  32  3:09  Probe (Chrono Boost)  
  33  3:14  Probe (Chrono Boost)  
  35  3:20  Probe (Chrono Boost)  
  35  3:24  Probe (Chrono Boost)  
  35  3:25  Stalker  
  38  3:30  Probe (Chrono Boost)  
  38  3:31  Pylon  
  39  3:35  Probe (Chrono Boost)  
  39  3:41  Probe (Chrono Boost)  
  41  3:45  Probe (Chrono Boost)  
  42  3:51  Probe (Chrono Boost)  
  42  3:52  Warp Prism  
  45  3:56  Probe (Chrono Boost)  
  45  3:59  Gateway  
  45  4:00  Gateway  
  45  4:02  Probe (Chrono Boost), Gateway  
  47  4:07  Sentry  
  49  4:12  Pylon  
  49  4:23  Gateway  
  49  4:24  Cybernetics Core  
  49  4:25  Gateway  
  49  4:43  Probe (Chrono Boost)  
  50  4:52  Assimilator  
  50  4:54  Immortal (Chrono Boost)  
  50  4:56  Assimilator  
  50  4:57  Probe  
  50  4:59  Pylon  
  55  5:17  Probe  
  56  5:25  Adept x4  
  56  5:26  Adept  
  66  5:34  Adept  
  68  5:37  Probe  
  69  5:42  Pylon  
  69  6:01  Stalker x2, Immortal (Chrono Boost)  
  77  6:09  Probe  
  72  6:13  Pylon  
  72  6:15  Pylon  
  70  6:24  Probe  
  71  6:28  Robotics Bay  
  71  6:30  Forge  
  71  6:31  Nexus  
  71  6:32  Adept x6, Pylon  
  81  6:39  Immortal (Chrono Boost)  
  83  6:44  Probe  
  74  6:47  Pylon  
  74  6:48  Probe  
  73  6:57  Forge  
  73  6:58  Probe  
  74  7:04  Adept x4  
  74  7:05  Adept x2, Protoss Ground Armor Level 1 (Chrono Boost)  
  74  7:06  Twilight Council  
  86  7:09  Pylon  
  86  7:12  Probe, Gravitic Drive  
  86  7:13  Observer (Chrono Boost)  
  88  7:17  Probe  
  89  7:26  Probe  
  89  7:29  Probe  
  91  7:34  Adept x2, Protoss Ground Weapons Level 1 (Chrono Boost)  
  91  7:35  Adept x3  
  101  7:41  Immortal (Chrono Boost)  
  101  7:43  Probe  
  106  7:44  Probe  
  107  7:52  Probe  
  107  7:55  Probe  
  107  7:56  Probe  
  107  7:57  Charge (Chrono Boost)  
  110  8:03  Templar Archives, Probe  
  111  8:06  Assimilator  
  111  8:07  Probe, Assimilator  
  112  8:20  Immortal (Chrono Boost)  
  112  8:23  Probe  
  117  8:28  Pylon  
  117  8:30  Adept  
  117  8:31  Adept x3  
  125  8:40  Probe, Psionic Storm  
  126  8:49  Photon Cannon  
  126  8:54  High Templar, Photon Cannon  
  128  8:57  High Templar  
  130  9:10  High Templar  
  130  9:14  Photon Cannon  
  132  9:18  High Templar  
  132  9:19  Protoss Ground Armor Level 2, Protoss Ground Weapons Level 2  
  132  9:23  Photon Cannon  
  134  9:25  Zealot  
  134  9:26  Zealot  
  134  9:31  Probe  
  139  9:32  Nexus  
  139  9:33  Pylon  
  139  9:41  Probe  
  140  9:48  Pylon  
  140  9:49  Pylon  
  140  9:53  Probe  
  140  9:57  Adept  
  140  9:58  Adept x2  
  140  9:59  Pylon  
  147  10:02  High Templar  
  147  10:06  Immortal, Pylon x2  
  153  10:09  Probe (Chrono Boost)  
  153  10:14  Probe (Chrono Boost)  
  155  10:18  Pylon, High Templar  
  157  10:26  Probe (Chrono Boost)  
  157  10:27  Assimilator x2  
  158  10:37  High Templar x2  
  162  10:48  Gateway x2  
  162  10:49  Resonating Glaives (Chrono Boost)  
  162  10:53  Gateway x2, Adept x2  
  162  10:54  Adept x2  
  170  10:58  Probe  
  170  10:59  Probe  
  170  11:03  Photon Cannon  
  172  11:06  Photon Cannon  
  172  11:10  Dark Shrine, Photon Cannon  
  172  11:13  Immortal (Chrono Boost)  
  172  11:15  Probe  
  172  11:16  Probe  
  178  11:18  High Templar x2  
  178  11:23  Probe  
  178  11:24  Probe  
  184  11:28  High Templar  
  186  11:36  Protoss Ground Armor Level 3  
  178  11:44  Archon x3  
  178  11:46  Stalker  
  178  11:47  Stalker x2  
  159  11:56  Protoss Ground Weapons Level 3 (Chrono Boost)  
  159  12:00  Stalker  
  159  12:01  Stalker x2  
  163  12:05  Warp Prism  
  143  12:31  Stalker x3  
  143  12:32  Stalker x4  
  145  12:49  Stalker x3  
  145  12:55  Stalker x3  
  145  12:56  Stalker x3  
  157  12:59  Probe  
  158  13:10  Stalker  
  158  13:11  Stalker  
  162  13:16  Nexus  
  162  13:21  Pylon  
  162  13:46  Stalker  
  162  13:47  Stalker x3  
  162  13:48  Stalker x3  
  174  13:54  Stalker x2  
  174  13:55  Stalker  
  182  14:03  Probe  
  182  14:05  Probe  
  184  14:17  Stargate  
  184  14:19  Stargate x2  
  184  14:22  Probe  
  171  14:43  Probe  
  171  14:47  Assimilator  
  171  14:48  Probe, Assimilator  
  171  14:54  Probe  
  171  15:00  Stalker x3  
  171  15:01  Stalker x4  
  171  15:02  Stalker x3  
Show
View Real Time Build Order
Export as new Build Order

kang Terran 

Build Orders: Reaper Expand 

Get SALT Encoding   

  12  0:00  SCV  
  13  0:13  SCV  
  14  0:17  Supply Depot  
  14  0:25  SCV  
  15  0:39  SCV  
  15  0:40  Barracks  
  16  0:44  Refinery  
  16  0:51  SCV  
  17  1:03  SCV  
  18  1:15  SCV  
  19  1:27  Orbital Command  
  19  1:28  Reaper  
  20  1:43  Command Center  
  20  1:49  Refinery  
  20  1:53  SCV  
  21  2:03  Supply Depot  
  21  2:06  SCV  
  22  2:11  Factory  
  22  2:14  Marine  
  23  2:24  SCV  
  24  2:37  SCV  
  25  2:41  Marine  
  26  2:49  SCV  
  27  2:56  Bunker  
  27  2:57  Factory Tech Lab  
  27  2:59  Orbital Command  
  27  3:01  SCV  
  27  3:03  Supply Depot  
  27  3:04  Marine  
  29  3:13  SCV  
  30  3:22  Marine  
  30  3:24  Cyclone  
  30  3:25  SCV  
  34  3:27  SCV  
  35  3:39  Refinery  
  35  3:42  SCV  
  35  3:43  SCV, Engineering Bay  
  35  3:46  Marine  
  38  3:56  Cyclone  
  38  3:58  Factory  
  38  4:00  SCV  
  38  4:01  SCV  
  43  4:12  SCV  
  43  4:14  Command Center  
  43  4:15  SCV  
  45  4:24  SCV  
  45  4:27  Starport  
  46  4:32  Cyclone  
  46  4:34  SCV  
  46  4:36  SCV  
  51  4:38  Supply Depot  
  51  4:39  Supply Depot  
  51  4:41  Factory Tech Lab  
  51  4:43  Marine  
  52  4:46  SCV  
  52  4:48  SCV  
  52  4:50  Refinery  
  54  4:59  Armory  
  54  5:00  SCV x2  
  54  5:05  Supply Depot, Viking  
  58  5:10  Cyclone  
  58  5:13  SCV  
  62  5:20  Marine  
  55  5:38  Reaper  
  55  5:55  Thor  
  55  5:56  Hellion  
  62  6:10  Reaper  
  63  6:16  Thor  
  67  6:33  Orbital Command  
  60  6:40  SCV  
  53  6:52  SCV  
  53  6:53  Marine  
  55  6:55  Thor  
  55  6:59  SCV  
  62  7:05  SCV  
  63  7:09  Missile Turret, Hellbat  
  63  7:10  Refinery  
  63  7:11  SCV  
  63  7:13  Orbital Command  
  66  7:17  SCV  
  66  7:18  Terran Vehicle Weapons Level 1  
  67  7:23  SCV  
  67  7:29  SCV  
  69  7:34  Hellion  
  69  7:35  SCV  
  72  7:41  SCV  
  73  7:47  Starport Tech Lab, Orbital Command  
  73  7:49  SCV  
  75  7:52  Refinery  
  75  7:56  Command Center  
  75  7:57  Supply Depot  
  75  7:58  Supply Depot  
  74  8:01  Thor  
  80  8:12  SCV x3  
  83  8:13  Missile Turret  
  83  8:21  Banshee, Cloaking Field  
  83  8:24  SCV x3  
  89  8:36  SCV x2  
  89  8:38  Supply Depot, Hellion  
  89  8:41  Supply Depot  
  93  8:43  SCV  
  93  8:44  Hellion  
  93  8:45  Starport  
  93  8:48  SCV x2  
  98  8:55  SCV  
  98  8:56  Refinery  
  98  9:00  SCV, Hellion  
  98  9:01  SCV  
  103  9:03  Supply Depot  
  103  9:06  Banshee  
  103  9:09  Thor  
  112  9:10  SCV  
  112  9:15  Orbital Command  
  113  9:24  SCV  
  114  9:25  SCV  
  114  9:27  Refinery  
  114  9:28  Starport Reactor  
  121  9:32  Cyclone  
  121  9:37  Supply Depot  
  121  9:38  SCV x2, Starport  
  119  9:39  SCV  
  119  9:42  Terran Vehicle And Ship Armor Level 1  
  121  9:49  Banshee  
  121  9:50  SCV  
  121  9:51  SCV x2  
  127  9:59  Liberator  
  127  10:02  SCV  
  127  10:03  SCV x2  
  127  10:04  Supply Depot  
  130  10:07  Supply Depot  
  130  10:14  SCV, Hellion  
  130  10:15  SCV, Liberator  
  130  10:16  Starport Reactor  
  130  10:18  SCV  
  130  10:20  Liberator  
  138  10:26  SCV  
  138  10:27  SCV, Supply Depot  
  140  10:30  SCV  
  140  10:31  Supply Depot  
  144  10:38  SCV, Fusion Core  
  148  10:44  Liberator  
  148  10:45  Liberator  
  148  10:47  SCV  
  148  10:48  SCV  
  150  11:01  Hellion  
  158  11:07  Starport  
  158  11:13  SCV  
  158  11:14  Supply Depot  
  158  11:15  Banshee, Hellion  
  158  11:16  Medivac  
  166  11:21  Orbital Command  
  166  11:22  Siege Tank  
  169  11:31  Liberator  
  169  11:36  Hellion  
  155  11:40  Refinery  
  155  11:41  Refinery  
  107  11:54  Thor  
  104  11:57  SCV, Thor  
  104  11:58  SCV x2  
  113  12:06  Liberator x2  
  102  12:23  Liberator  
  102  12:25  Orbital Command  
  82  12:37  Hellion  
  82  12:39  SCV, Liberator x2  
  82  12:40  Banshee, Siege Tank  
  92  12:51  SCV  
  92  12:52  SCV  
  102  12:58  Hellion  
  102  13:00  Liberator  
  98  13:21  Advanced Ballistics  
  98  13:23  Liberator  
  98  13:25  SCV x2  
  98  13:26  SCV  
  101  13:28  Liberator  
  102  13:44  Liberator  
  102  13:46  Hellion x2, Orbital Command, Marine  
  102  13:48  SCV x3  
  113  14:00  SCV x2, Liberator  
  118  14:07  Hellion  
  120  14:10  SCV, Starport Tech Lab  
  120  14:12  SCV x2  
  123  14:22  SCV  
Tags
 
Add a new tag
Caveats
  • Supply blocks, unpowered buildings, or Contaminate may cause inaccurate times.
  • Supply counts are checked every 10 seconds.